 Dungeon Crawl Stone Soup version 0.30-a0-1114-gd936c97349 (webtiles) character file.

Game seed: 11549438203878740979

3269 hwolsky the Cleaver (level 9, 0/81 HPs)
             Began as a Minotaur Fighter on Apr 20, 2023.
             Was a Follower of Okawaru.
             Slain by an orc knight
             ... wielding a +0 war axe
              (7 damage)
             ... in a bailey.
             The game lasted 00:17:06 (8648 turns).

hwolsky the Cleaver (Minotaur Fighter)              Turns: 8648, Time: 00:17:12

Health: 0/81       AC: 16    Str: 24    XL:     9   Next: 68%
Magic:  8/8        EV:  7    Int:  5    God:    Okawaru [*.....]
Gold:   1341       SH:  5    Dex:  9    Spells: 8/8 levels left

rFire   . . .      SeeInvis .    q - +0 broad axe
rCold   . . .      Faith    .    c - +0 buckler
rNeg    . . .      Spirit   .    m - +0 plate armour
rPois   +          Reflect  .    (helmet restricted)
rElec   .          Rampage  .    t - +1 cloak
rCorr   .                        (no gloves)
Will    .....                    (no boots) Stlth
                                 (no amulet)
HPRegen 0.00/turn                g - ring of poison resistance
MPRegen 0.11/turn                (no ring)

@: inhibited regen
A: horns 2, retaliatory headbutt, clumsy 1, screaming 1, inhibited regeneration
a: Renounce Religion, Heroism


You were in a bailey.
You worshipped Okawaru.
Okawaru was aware of your devotion.
You visited 2 branches of the dungeon, and saw 9 of its levels.
You also visited: Bailey.

You collected 1341 gold pieces.

Inventory:

Hand Weapons
 a - a +0 war axe
 q - a +0 broad axe (weapon)
Missiles
 d - 6 boomerangs (quivered)
 r - a boomerang of dispersal
Armour
 c - a +0 buckler (worn)
 m - a +0 plate armour (worn)
 t - a +1 cloak (worn)
Jewellery
 e - a ring of fire
 g - a ring of poison resistance (left hand)
 l - a ring of wizardry
 s - a ring of positive energy
Scrolls
 b - a scroll of immolation
 k - 2 scrolls of teleportation
Potions
 f - a potion of berserk rage
 h - 3 potions of attraction
 i - 2 potions of brilliance
 j - 2 potions of degeneration
 n - 4 potions of curing
 o - a potion of magic
 p - a potion of flight


   Skills:
 + Level 8.2 Fighting
 * Level 10.7 Axes
 + Level 8.2 Armour
 + Level 8.1 Shields


You had 8 spell levels left.
You didn't know any spells.
Your spell library contained the following spells:

 Spells                   Type           Power      Damage    Failure   Level
 Apportation              Tloc           0%         N/A       100%        1
 Alistair's Intoxication  Tmut/Pois      0%         N/A       100%        5
 Eringya's Noxious Bog    Tmut/Pois      0%         N/A       100%        6
 Summon Forest            Summ/Tloc      Unusable   N/A       N/A         5
 Summon Hydra             Summ           Unusable   N/A       N/A         7

Dungeon Overview and Level Annotations

Branches:
Dungeon (8/15)             Temple (1/1) D:7          Bailey (1/1)
   Lair: D:8-11

Altars:
Ashenzari
Dithmenos
Elyvilon
Fedhas
Gozag
Hepliaklqana
Kikubaaqudgha
Makhleb
Nemelex Xobeh
Okawaru
Qazlal
Ru
Sif Muna
Trog
Uskayaw
Wu Jian
Xom
Yredelemnul
Zin
The Shining One

Shops:
D:5 (

Annotations:
D:8 2 transporters


Innate Abilities, Weirdness & Mutations

You have a pair of horns on your head.
You reflexively headbutt those who attack you in melee.
You are clumsy. (Dex -2)
You occasionally shout uncontrollably at your foes.
You do not regenerate when monsters are visible.


Message History

The orc knight hits you with a +0 war axe.
The orc high priest barely misses you.
There is an open door, spattered with blood here.
You closely miss the orc knight. Your headbutt misses the orc knight.
You hit the orc high priest. You slash the orc warrior!
The orc warrior hits you with a +0 war axe!
The orc knight hits you but does no damage.
The orc high priest hits you with a +0 broad axe!
You closely miss the orc knight. You hit the orc warrior.
You hit the orc high priest but do no damage.
An orc warrior comes into view. It is wielding a +0 broad axe.
The orc warrior barely misses you. You block the orc high priest's attack.
The orc knight completely misses you.
The orc knight attacks as you move away!
The orc knight hits you with a +0 war axe!
The orc warrior attacks as you move away!
You block the orc warrior's attack.
The orc knight roars a battlecry!
You closely miss the orc warrior. Your headbutt misses the orc warrior.
The orc warrior is heavily wounded.
You block the orc warrior's attack.
You closely miss the orc warrior. You headbutt the orc warrior.
The orc warrior is severely wounded.
The orc warrior barely misses you.
You slash the orc warrior!
The orc warrior is almost dead.
The orc warrior hits you but does no damage.
You hit the orc warrior but do no damage.
The orc warrior is almost dead.
The orc high priest mumbles some strange prayers to Beogh against you.
Beogh smites you!
* * * LOW HITPOINT WARNING * * *
You block the orc warrior's attack. You block the orc knight's attack.
You slash the orc knight!
The orc knight is moderately wounded.
You barely miss the orc warrior.
The orc warrior hits you with a +0 war axe.
* * * LOW HITPOINT WARNING * * *
The orc knight hits you with a +0 war axe!
You die...

#≈≈≈≈≈#...)).....#)......#....#
#≈≈≈≈≈#....#.....).8.8.8.#....#≈
#≈≈≈≈≈#.##############...######≈
#≈≈≈≈≈~.#..+ ....#..))..#.~≈
#≈≈≈≈≈~.#..# ....#...)..#.~≈
#≈≈≈≈≈~.#..# o...#####''#.~S
#≈≈≈≈≈~.#########....##.....#.~≈
#≈≈≈≈≈~.#..8.8.o#o...##.....+...
#≈≈≈≈≈~∩....)..@oo_..##..⌠))+...
#≈≈≈≈≈~.#..8.8..#....##.....+...
#≈≈≈≈≈~.#########....##.....#.~≈
#≈≈≈≈≈~.# ....#####++#.~≈
#≈≈≈≈≈~.# ....# #.~≈ #≈≈≈≈≈~.#[
....# #.~≈ #≈≈≈≈≈#.## ##### ###≈
#≈≈≈≈≈#.. #≈


You could see an orc knight, an orc high priest (strong) and 2 orc warriors.

Vanquished Creatures
  A cyclops (D:7)
  A kobold demonologist (Bailey)
  Sigmund (D:6)
  6 orc warriors
  2 sky beasts
  2 phantoms
  An ogre (D:4)
  2 gnoll sergeants
  2 scorpions
  2 bullfrogs
  4 killer bees (D:8)
  2 electric eels (Bailey)
  A crimson imp (D:6)
  2 hounds
  2 jellies
  Crazy Yiuf (D:2)
  An orc priest (D:5)
  3 sleepcaps
  5 iguanas
  4 orc wizards
  16 gnolls
  7 adders
  A white imp (D:7)
  3 ufetubi
  5 worms
  2 dart slugs
  25 orcs
  2 ball pythons
  4 bats
  3 endoplasms
  16 goblins
  8 hobgoblins
  11 jackals
  4 quokkas
  2 frilled lizards (D:1)
  2 kobolds
  6 rats
162 creatures vanquished.

Vanquished Creatures (others)
  A goblin (Bailey)
1 creature vanquished.

Grand Total: 163 creatures vanquished

Notes
Turn   | Place    | Note
-------+----------+-------------------------------------------
     0 | D:1      | hwolsky the Minotaur Fighter began the quest for the Orb.
     0 | D:1      | Reached XP level 1. HP: 19/19 MP: 0/0
   165 | D:1      | Reached XP level 2. HP: 25/27 MP: 1/1
   301 | D:1      | Reached skill level 3 in Axes
   513 | D:1      | Reached XP level 3. HP: 33/33 MP: 2/2
  1324 | D:2      | Found a runed translucent door.
  1325 | D:2      | Noticed Crazy Yiuf
  1500 | D:2      | Reached XP level 4. HP: 40/40 MP: 3/3
  1878 | D:2      | Killed Crazy Yiuf
  1879 | D:2      | Reached skill level 4 in Axes
  2287 | D:3      | Reached XP level 5. HP: 23/47 MP: 4/4
  3227 | D:4      | Found a shadowy altar of Dithmenos.
  3244 | D:4      | Noticed an ogre
  3247 | D:4      | Killed an ogre
  3248 | D:4      | Reached skill level 5 in Axes
  3285 | D:4      | Gained mutation: Potions are less effective at restoring
                  | your health. [potion of mutation]
  3285 | D:4      | Gained mutation: You are resistant to electric shocks.
                  | (rElec) [potion of mutation]
  3285 | D:4      | Gained mutation: You are clumsy. (Dex -2) [potion of
                  | mutation]
  3291 | D:4      | Lost mutation: Potions are less effective at restoring your
                  | health. [potion of mutation]
  3291 | D:4      | Lost mutation: You are resistant to electric shocks.
                  | (rElec) [potion of mutation]
  3291 | D:4      | Gained mutation: You do not regenerate when monsters are
                  | visible. [potion of mutation]
  3291 | D:4      | Gained mutation: You occasionally shout uncontrollably at
                  | your foes. [potion of mutation]
  3316 | D:4      | Reached XP level 6. HP: 55/55 MP: 5/5
  3540 | D:4      | Found a bloodstained altar of Trog.
  3984 | D:4      | Reached skill level 5 in Armour
  4005 | D:4      | Reached skill level 5 in Fighting
  4326 | D:5      | Entered Level 5 of the Dungeon
  4360 | D:5      | Found Etamm's Weapon Emporium.
  4422 | D:5      | Reached skill level 5 in Shields
  4521 | D:5      | Found a glowing golden altar of the Shining One.
  4951 | D:5      | Reached skill level 6 in Axes
  5241 | D:6      | Reached XP level 7. HP: 58/61 MP: 6/6
  5259 | D:6      | Found a burning altar of Makhleb.
  5364 | D:6      | Noticed Sigmund
  5372 | D:6      | Killed Sigmund
  5445 | D:6      | Reached skill level 7 in Axes
  5660 | D:6      | Reached XP level 8. HP: 63/70 MP: 7/7
  6052 | D:6      | Reached skill level 8 in Axes
  6576 | D:7      | Noticed a cyclops
  6584 | D:7      | Killed a cyclops
  6585 | D:7      | Reached skill level 9 in Axes
  6756 | D:7      | Found a staircase to the Ecumenical Temple.
  6766 | Temple   | Entered the Ecumenical Temple
  6957 | Temple   | Became a worshipper of Warmaster Okawaru
  7031 | D:7      | Reached XP level 9. HP: 71/79 MP: 8/8
  7578 | D:8      | Noticed a deep elf pyromancer
  7578 | D:8      | Noticed a tengu warrior
  7579 | D:8      | Found a transporter.
  7579 | D:8      | Noticed a boulder beetle
  7580 | D:8      | Noticed a tengu conjurer
  7584 | D:8      | Noticed a tengu warrior
  7585 | D:8      | Noticed a troll
  7599 | D:8      | Found a transporter.
  7812 | D:8      | Found a flagged portal.
  7848 | Bailey   | Entered a bailey
  8045 | Bailey   | Reached skill level 10 in Axes
  8221 | Bailey   | Noticed a kobold demonologist
  8226 | Bailey   | Noticed a red devil
  8234 | Bailey   | Noticed a red devil
  8237 | Bailey   | Noticed a sun demon
  8239 | Bailey   | Killed a kobold demonologist
  8239 | Bailey   | Reached * piety under Okawaru
  8587 | Bailey   | Acquired 735 gold pieces
  8631 | Bailey   | Found an iron altar of Okawaru.
  8637 | Bailey   | Noticed an orc high priest
  8637 | Bailey   | Noticed an orc knight
  8648 | Bailey   | Slain by an orc knight

Illustrated notes

Levels and vault maps discovered:
D:1:      minmay_arrival_widening_spiral_wide, layout_basic
D:2:      layout_basic, grunt_ministairs_11, uniq_crazy_yiuf_cottage
D:3:      layout_basic, lightli_corner_chamber
D:4:      layout_layer_cave, trog_book, nicolae_dithmenos_shadow_blocks,
          grunt_ministairs_1, minmay_tree_intersection
D:5:      layout_loops_ring, mainiacjoe_overflow_alcove_2, chequers_mini_garden,
          chequers_serial_rivers_micro_d, minivault_25, nicolae_take_the_stairs,
          st_stairs_8, kennysheep_cross_bottleneck, kennysheep_path_1,
          dk_noncrumbling_3
D:6:      layout_loops_cross, makhleb_grotto_becter, uniq_sigmund
D:7:      layout_loops_ring, minmay_temple_entry_sparse_star,
          serial_park_tiny_pond
D:8:      gammafunk_sealed_arena, layout_loops_corners,
          mainiacjoe_overflow_small_starburst, slow_altar_2, enter_bailey_5
Temple:   nicolae_temple_slightly_damp_pantheon
Bailey:   bailey_axe_of_yendor_kennysheep, bailey

Skill      XL: |  1  2  3  4  5  6  7  8  9 |
---------------+----------------------------+-----
Axes           | 3 4 5 6 7 9 10 | 10.7
Fighting       | 4 5 6 7 8 |  8.2
Armour         | 4 5 6 7 8 |  8.2
Shields        | 4 5 6 7 8 |  8.1

Action                     |  1- 3 |  4- 6 |  7- 9 || total
---------------------------+-------+-------+-------++-------
  Melee: War axe           |    62 |   118 |   248 ||   428
         Headbutt          |    12 |    15 |    49 ||    76
         Broad axe         |       |       |    11 ||    11
  Throw: Boomerang         |       |       |    11 ||    11
    Use: Scroll            |     4 |     8 |     3 ||    15
         Potion            |       |     6 |     2 ||     8
 Armour: Scale mail        |    22 |       |       ||    22
         Plate armour      |    12 |    91 |   166 ||   269
  Dodge: Dodged            |    35 |    33 |    76 ||   144
  Block: Buckler           |    21 |    32 |    77 ||   130

Table legend: (Time is in decaauts)
 A = Elapsed time spent in this place.
 B = Non-inter-level travel time spent in this place.
 C = Inter-level travel time spent in this place.
 D = Time resting spent in this place.
 E = Time spent auto-exploring this place.
 F = Levels seen in this place.
 G = Mean time per level.
                   A        B        C        D        E       F      G
               +--------+--------+--------+--------+--------+-----+--------+
         Total |   8730 |   8497 |    233 |    554 |   6287 |  10 |  873.0 |
       Dungeon |   7700 |   7509 |    191 |    127 |   5949 |   8 |  962.5 |
        Temple |    210 |    168 |     42 |      0 |    151 |   1 |  210.0 |
        Bailey |    818 |    818 |      0 |    427 |    186 |   1 |  818.0 |
               +--------+--------+--------+--------+--------+-----+--------+

Top non-repeatable levels by time:
     D:4: 1531 daAuts
     D:7: 1060 daAuts
     D:6: 1035 daAuts
     D:2: 1012 daAuts
     D:1: 994 daAuts
     D:5: 909 daAuts
     D:3: 819 daAuts
  Bailey: 818 daAuts
     D:8: 337 daAuts
  Temple: 210 daAuts
